 Dungeon Crawl Stone Soup version 0.26-a0-946-g9485abf61d (webtiles) character file.

Game seed: 4825464444256195445

1780 Descartes the Frost Mage (level 8, -3/41 HPs)
             Began as a Deep Elf Ice Elementalist on Nov 28, 2020.
             Was an Initiate of Gozag.
             Slain by a wyvern (16 damage)
             ... on level 6 of the Dungeon.
             The game lasted 00:26:59 (8297 turns).

Descartes the Frost Mage (DEIE)                     Turns: 8297, Time: 00:27:00

Health: -3/41      AC:  7    Str:  6    XL:     8   Next: 81%
Magic:  16/19      EV: 12    Int: 22    God:    Gozag
Gold:   265        SH:  0    Dex: 15    Spells: 8/20 levels left

rFire    . . .     SeeInvis .   t - +11 plutonium sword {*Contam Stlth-}
rCold    . . .     Faith    .   (shield currently unavailable)
rNeg     . . .     Spirit   .   m - +0 leather armour
rPois    .         Reflect  .   e - +0 helmet
rElec    .         Harm     .   i - +0 cloak
rCorr    .         Rampage  .   G - +1 pair of gloves
MR       ++...                  (no boots)
Stlth    ++........             (no amulet)
HPRegen  0.13/turn              x - ring of protection from magic
MPRegen  0.16/turn              o - ring of protection from magic

@: frozen ramparts
A: no striking features
a: Potion Petition, Call Merchant, Bribe Branch, Renounce Religion


You were on level 6 of the Dungeon.
You worshipped Gozag.
Gozag was aware of your devotion.
You visited 2 branches of the dungeon, and saw 7 of its levels.

You collected 341 gold pieces.
You paid 76 gold pieces to Gozag.

Inventory:

Hand Weapons
 t - the +11 plutonium sword (weapon) {*Contam Stlth-}
   (You found it on level 5 of the Dungeon)

   It causes magical contamination when unequipped.
   It makes you less stealthy.
 C - a +2 flail of holy wrath
 H - a +2 halberd of venom
Missiles
 f - 99 arrows
 g - 2 boomerangs of dispersal
 k - 59 sling bullets
 l - 4 silver javelins (quivered)
 s - 42 poisoned darts
 u - 4 javelins
 y - 264 stones
 B - 34 bolts
Armour
 e - a +0 helmet (worn)
 i - a +0 cloak (worn)
 m - a +0 leather armour (worn)
 G - a +1 pair of gloves (worn)
Jewellery
 j - an uncursed ring of see invisible
 o - a ring of protection from magic (right hand)
 w - a +6 ring of intelligence
 x - a ring of protection from magic (left hand)
Wands
 E - a wand of polymorph (9)
 J - a wand of flame (8)
Scrolls
 a - 2 scrolls of identify
 c - 4 scrolls of enchant armour
 n - a scroll of teleportation
 p - a scroll of remove curse
 q - a scroll of blinking {unknown}
 r - a scroll of random uselessness {unknown}
 v - a scroll of amnesia
 z - 2 scrolls of fear
 A - a scroll of immolation {unknown}
 F - 2 scrolls of fog
 I - a scroll of enchant weapon {unknown}
Potions
 b - 3 potions of curing
 d - 3 potions of heal wounds
 h - a potion of ambrosia
 D - 2 potions of brilliance
 K - a potion of haste {unknown}


   Skills:
 + Level 2.1 Long Blades
 - Level 2.4 Dodging
 + Level 4.6 Stealth
 + Level 6.6 Spellcasting
 + Level 5.3 Conjurations
 - Level 10.0 Ice Magic


You had 8 spell levels left.
You knew the following spells:

 Your Spells              Type           Power        Failure   Level
a - Freeze                Ice            ####         1%          1
b - Frozen Ramparts       Ice            ######       1%          3
c - Hailstorm             Conj/Ice       #####...     6%          4
d - Summon Ice Beast      Ice/Summ       ####....     17%         4

Your spell library contained the following spells:

 Spells                   Type           Power        Failure   Level
 Ozocubu's Armour         Ice            ######..     1%          3


Dungeon Overview and Level Annotations

Branches:
Dungeon (6/15)             Temple (1/1) D:6

Altars:
Ashenzari
Cheibriados
Fedhas
Gozag
Hepliaklqana
Kikubaaqudgha
Makhleb
Nemelex Xobeh
Okawaru
Ru
Sif Muna
Trog
Uskayaw
Wu Jian
Xom
Zin
The Shining One
Jiyva

Annotations:
D:6 2 runed translucent doors


Message History

Your Long Blades skill increases to level 2!
A centaur skeleton is nearby!
You slash the centaur skeleton!
You destroy the centaur skeleton!
The frozen ramparts melt away.
You now have 265 gold pieces (gained 12).
A wyvern comes into view.
Casting: Frozen Ramparts (safe; 1% risk of failure)
Confirm with . or Enter, or press ? or * to list all spells.
Casting: Frozen Ramparts (safe; 1% risk of failure)
Press: ? - help, Dir - look around The walls around you are covered in ice.
The wyvern hisses angrily.
The wall freezes the wyvern.
The wyvern bites you!
You closely miss the wyvern.
The wyvern is lightly wounded.
The wall freezes the wyvern.
The wyvern bites you!
The wall freezes the wyvern!
The wyvern bites you!
You die...
Your body crumbles into a pile of gold.

#........#..##.#####
##....#......##.###
#.....#...#...#...#
#'###..#######..###
#.#.##.# #..#
##.#.#.# ####
###.#.# $ #.#.#
#@#.# #...l##.#
##### ..#


You could see a wyvern.

Vanquished Creatures
  Sigmund (D:4)
  An orc warrior (D:6)
  2 ogres (D:5)
  A bullfrog (D:6)
  A gnoll sergeant (D:4)
  4 crimson imps (D:3)
  4 hounds
  2 orc priests
  A centaur skeleton (D:6)
  Terence (D:3)
  2 iguanas
  4 orc wizards
  3 worker ants (D:4)
  2 hound skeletons (D:4)
  A howler monkey zombie (D:5)
  36 gnolls
  4 adders
  2 shadow imps (D:5)
  An ufetubus (D:6)
  2 oozes (D:3)
  An adder zombie (D:6)
  An adder skeleton (D:6)
  5 worms
  2 dart slugs
  4 leopard geckos
  21 orcs
  3 ball pythons
  5 bats
  11 giant cockroaches
  9 goblins
  2 hobgoblins
  27 jackals
  8 kobolds
  6 quokkas
  5 frilled lizards
  A leopard gecko skeleton (D:4)
  4 rats
190 creatures vanquished.

Vanquished Creatures (others)
  4 plants (D:4)
4 creatures vanquished.

Grand Total: 194 creatures vanquished

Notes
Turn   | Place    | Note
-------+----------+-------------------------------------------
     0 | D:1      | Descartes the Deep Elf Ice Elementalist began the quest for
                  | the Orb.
     0 | D:1      | Reached XP level 1. HP: 10/10 MP: 6/6
  1000 | D:2      | Reached XP level 2. HP: 15/15 MP: 6/8
  1175 | D:2      | Reached skill level 5 in Ice Magic
  1393 | D:2      | Reached XP level 3. HP: 15/19 MP: 6/10
  2702 | D:3      | Reached XP level 4. HP: 11/24 MP: 9/12
  2937 | D:3      | Found a shimmering altar of Xom.
  2944 | D:3      | Reached skill level 6 in Ice Magic
  2951 | D:3      | Noticed Terence
  2958 | D:3      | Reached XP level 5. HP: 22/28 MP: 3/14
  2993 | D:3      | Killed Terence
  3007 | D:3      | Reached skill level 5 in Spellcasting
  3286 | D:3      | Reached skill level 7 in Ice Magic
  3286 | D:3      | Reached XP level 6. HP: 31/32 MP: 11/16
  3510 | D:3      | Learned a level 3 spell: Frozen Ramparts
  3515 | D:3      | Learned a level 4 spell: Hailstorm
  3520 | D:3      | Learned a level 4 spell: Summon Ice Beast
  3730 | D:3      | Found an ornate altar of the Wu Jian Council.
  4052 | D:4      | Reached skill level 1 in Conjurations
  4263 | D:4      | Found a glowing silver altar of Zin.
  4544 | D:4      | Reached XP level 7. HP: 28/36 MP: 14/18
  4861 | D:4      | Reached skill level 8 in Ice Magic
  5593 | D:4      | Noticed Sigmund
  5600 | D:4      | Killed Sigmund
  5602 | D:4      | Reached skill level 9 in Ice Magic
  5757 | D:4      | Reached XP level 8. HP: 41/41 MP: 15/19
  6461 | D:5      | Entered Level 5 of the Dungeon
  6481 | D:5      | Found the +11 plutonium sword {*Contam Stlth-}
  6728 | D:5      | Reached skill level 1 in Long Blades
  6784 | D:5      | Reached skill level 10 in Ice Magic
  7295 | D:6      | Found a sacrificial altar of Ru.
  7295 | D:6      | Found a glowing golden altar of the Shining One.
  7295 | D:6      | Found a hazy altar of Hepliaklqana.
  7295 | D:6      | Found an opulent altar of Gozag.
  7301 | D:6      | Became a worshipper of Gozag Ym Sagoz the Greedy
  7334 | D:6      | Reached skill level 5 in Conjurations
  7578 | D:6      | Found a staircase to the Ecumenical Temple.
  7608 | Temple   | Entered the Ecumenical Temple
  7866 | D:6      | Found a broken altar of Ashenzari.
  8209 | D:6      | Found a large runed translucent door.
  8211 | D:6      | Found a large runed translucent door.
  8297 | D:6      | Slain by a wyvern

Illustrated notes

Levels and vault maps discovered:
D:1:      dpeg_arrival_simpleton_c, layout_basic,
          hangedman_decor_clover_reticule
D:2:      layout_basic
D:3:      layout_loops_ring, marbit_many_paths, led_xom_imps,
          grunt_ministairs_13, kennysheep_generic_room_6, uniq_terence
D:4:      lemuel_castle_with_subvaults [lemuel_castle_interior_carwin_2],
          layout_loops_corners, zin_scriptorium, uniq_sigmund
D:5:      layout_basic, st_stairs_14
D:6:      layout_cave_pools, evilmike_ruin_ashenzari,
          chequers_temple_overflow_statue_of_worship,
          minmay_temple_entry_stoned_glass, minmay_hollow_rounded_squares
Temple:   pf_slimified_temple

Skill      XL: |  1  2  3  4  5  6  7  8 |
---------------+-------------------------+-----
Ice Magic      | 5 6 7 9 10 | 10.0
Spellcasting   | 4 5 6 |  6.6
Conjurations   | 2 3 5 |  5.3
Stealth        | 4 |  4.6
Long Blades    | 2 |  2.1
Dodging        | |  2.4

Action                   |  1- 3 |  4- 6 |  7- 9 || total
-------------------------+-------+-------+-------++-------
Melee: Dagger            |     6 |    29 |       ||    35
       Unarmed           |     1 |       |       ||     1
       Falchion          |       |     7 |       ||     7
       Flail             |       |     3 |    15 ||    18
       Triple sword      |       |       |    51 ||    51
       Halberd           |       |       |    15 ||    15
 Cast: Freeze            |    59 |    92 |    27 ||   178
       Frozen Ramparts   |       |     2 |    35 ||    37
  Use: Potion            |       |     7 |     1 ||     8
       Scroll            |       |       |     7 ||     7
 Stab: Sleeping          |       |     2 |     1 ||     3
Armor: Robe              |     2 |       |       ||     2
       Leather armour    |     8 |    16 |    38 ||    62
       Skin              |       |    16 |       ||    16
Dodge: Dodged            |    24 |    69 |    91 ||   184
       Rpst.: Falchion   |       |     8 |       ||     8
       Triple sword      |       |       |    21 ||    21

Table legend: (Time is in decaauts)
 A = Elapsed time spent in this place.
 B = Non-inter-level travel time spent in this place.
 C = Inter-level travel time spent in this place.
 D = Time resting spent in this place.
 E = Time spent auto-exploring this place.
 F = Levels seen in this place.
 G = Mean time per level.
                   A        B        C        D        E       F      G
               +--------+--------+--------+--------+--------+-----+--------+
         Total |   8348 |   7977 |    371 |      0 |   6746 |   7 | 1192.6 |
       Dungeon |   8245 |   7892 |    353 |      0 |   6662 |   6 | 1374.2 |
        Temple |    103 |     85 |     18 |      0 |     84 |   1 |  103.0 |
               +--------+--------+--------+--------+--------+-----+--------+

Top non-repeatable levels by time:
     D:4: 2427 daAuts
     D:3: 1727 daAuts
     D:2: 1341 daAuts
     D:1: 978 daAuts
     D:6: 916 daAuts
     D:5: 854 daAuts
  Temple: 103 daAuts
